 Dungeon Crawl Stone Soup version 0.29.1-15-g9cfb28693d (console) character file.

Game seed: 18038424529946788562

1631 om the Thaumaturge (level 9, -1/57 HPs)
             Began as a Djinni Fire Elementalist on Feb 28, 2023.
             Hit by a boomerang thrown by a goblin (4 damage)
             ... on level 7 of the Dungeon.
             The game lasted 00:11:47 (6585 turns).

om the Thaumaturge (Djinni Fire Elementalist)       Turns: 6585, Time: 00:11:48

Health: -1/57      AC:  8    Str: 13    XL:     9   Next: 18%
Gold:   415        EV: 12    Int: 22    God:
                   SH:  0    Dex: 16

rFire   + + .      SeeInvis .   r - +3 dagger
rCold   . . .      Faith    .   (no shield)
rNeg    . . .      Spirit   .   x - +1 ring mail {rC+}
rPois   ∞          Reflect  .   p - +1 helmet {Int+3}
rElec   .          Harm     .   (no cloak)
rCorr   +          Rampage  .   (no gloves)
Will    .....                   (boots unavailable)
Stlth   ++........              (no amulet)
HPRegen 0.19/turn               n - ring of resist corrosion
MPRegen 0.00/turn               w - +6 ring of strength

@: flying
A: sickness immunity, fire resistance 2, cold vulnerability 1, float, innate
caster, HP casting, extra vitality 1
a: no special abilities


You were on level 7 of the Dungeon.
You visited 1 branch of the dungeon, and saw 7 of its levels.

You collected 415 gold pieces.

Inventory:

Hand Weapons
 r - a +3 dagger (weapon)
Armour
 a - a +0 robe
 m - a +0 helmet
 p - a +1 helmet of intelligence (worn)
 x - a +1 ring mail of cold resistance (worn)
Jewellery
 n - a ring of resist corrosion (left hand)
 o - a ring of fire
 w - a +6 ring of strength (right hand)
Wands
 c - a wand of charming (1)
 e - a wand of acid (7)
Scrolls
 f - a scroll of summoning
 g - a scroll of immolation
 j - 3 scrolls of poison
 s - a scroll of blinking
 v - a scroll of identify
Potions
 b - a potion of berserk rage
 h - 2 potions of might
 i - 2 potions of curing
 k - 3 potions of heal wounds
 q - a potion of mutation {unknown}
 t - a potion of lignification
 u - a potion of attraction {unknown}


   Skills:
 + Level 1.5 Fighting
 + Level 1.3 Short Blades
 + Level 1.5 Armour
 + Level 3.7 Dodging
 + Level 2.7 Stealth
 - Level 8.0 Spellcasting


You had one spell level left.
You knew the following spells:

 Your Spells              Type           Power      Damage    Failure   Level
a - Foxfire               Conj/Fire      100%       2x1d9     1%          1
b - Scorch                Fire           88%        2d9       1%          2
c - Conjure Flame         Conj/Fire      44%        6-21      1%          3
d - Inner Flame           Hex/Fire       44%        N/A       1%          3
e - Flame Wave            Conj/Fire      44%        2d11      6%          4
f - Freeze                Ice            100%       1d11      1%          1
g - Static Discharge      Conj/Air       44%        3-9/arc   1%          2
h - Stone Arrow           Conj/Erth      88%        3d12      1%          3
i - Fulminant Prism       Conj/Hex       22%        3d13      6%          4
Your spell library was empty.

Dungeon Overview and Level Annotations

Branches:
Dungeon (7/15)             Temple (0/1) D:7

Altars:
Cheibriados
Elyvilon
Fedhas
Makhleb
Ru
Trog
Uskayaw
The Shining One


Innate Abilities, Weirdness & Mutations

You are immune to sickness and miasma.
You are immune to poison.
Your flesh is very heat resistant. (rF++)
You are vulnerable to cold. (rC-)
You float through the air rather than walking.
You learn spells naturally, not from books.
Your magical power is your life essence.
You have superior vitality. (+4 MHP)


Message History

Your orc priest hits the wight with a +0 flail!
The wight is destroyed!
Training target 8.0 for Spellcasting reached!
Your Spellcasting skill increases to level 8!
You hear the faint creaking of a very distant portcullis.
Your orc priest barely misses the gargoyle.
The gargoyle hurls a stone arrow at you.
The stone arrow hits your orc priest!!
Your orc priest dies!
Your orc priest's corpse dissolves into shadows!
The gargoyle hurls a stone arrow at you.
The stone arrow misses your orc wizard. The stone arrow hits your orc wizard!
Your orc wizard hits the gargoyle but does no damage.
Your orc wizard hits the gargoyle but does no damage.
The gargoyle hurls a stone arrow at you.
The stone arrow hits your orc wizard!!
Your orc wizard dies!
Your orc wizard's corpse dissolves into shadows!
Found 20 gold pieces.
Something barely misses your orc priest.
An orc wizard comes into view. It is wielding a +0 dagger.
The orc wizard moves out of view.
An orc comes into view. It is wielding a +1 whip of draining.
The orc shouts!
You hear a shout!
An orc comes into view. It is wielding a +0 whip.
An orc warrior comes into view. It is wielding a +0 antimagic hand axe.
An orc comes into view.
It is wielding a +1 dagger of electrocution.
The orc shouts!
The orc attacks as you move away!
The orc hits you with a +1 whip of draining.
* * * LOW HITPOINT WARNING * * *
The orc throws a boomerang.
The boomerang hits you.
* * * LOW HITPOINT WARNING * * *
An iguana and a wight come into view.
Found an inky potion.
Found a Grand Grimoire.
A goblin comes into view.
The goblin shouts!
The goblin throws a boomerang.
The boomerang hits you.
You die...

,,,,,,,,,,,,***,#############....
*****,***,,.,,..g.......#...[....
,,,**,* *.,#.,.......##>#.###....
**,**,* *..#.##...##.##....##.z..
**,**,* *........!##.†.hh..####.#
,,,,,,* *.........#####.o..# #z#
*,,,*** *#.:......9zS.S.#### #.#
*,,,* #.#..#..########* #.#
*,,,*****#......@# *,,l.,* #.#
,,,,,,,,*#.......###....,* #.#
,,,,,,,,,.....##........,* #.#
,,,,,,,,*#.#..*#.###....,* #.#
*,,,*****#.#.#*#.# *,,..,* #z#
*,,,* #.#.###o# ******* #S# *,,,*
#...oo..# #h# *,,,* ###.##### #.#
**,** #.# #.#


You could see an orc warrior and a goblin.

Vanquished Creatures
  2 water moccasins
  An ice beast (D:6)
  A black bear (D:4)
  An ogre (D:6)
  A bullfrog (D:7)
  4 necrophages
  3 scorpions
  A howler monkey (D:7)
  4 hounds
  An iguana (D:6)
  Ijyb (D:3)
  An orc wizard (D:5)
  Robin (D:4)
  8 gnolls
  12 adders
  2 white imps (D:6)
  An ufetubus (D:6)
  2 dart slugs
  5 orcs
  3 endoplasms
  3 giant cockroaches
  11 goblins
  7 hobgoblins
  2 quokkas
  7 ball pythons
  6 bats
  2 frilled lizards (D:1)
  7 kobolds
  4 rats
104 creatures vanquished.

Vanquished Creatures (collateral kills)
  A bullfrog (D:7)
  A wight (D:7)
  A howler monkey (D:7)
3 creatures vanquished.

Vanquished Creatures (others)
  290 foxfires
290 creatures vanquished.

Grand Total: 397 creatures vanquished

Notes
Turn   | Place    | Note
-------+----------+-------------------------------------------
     0 | D:1      | om the Djinni Fire Elementalist began the quest for the
                  | Orb.
     0 | D:1      | om set off with the following spells memorised: Foxfire,
                  | Scorch, Conjure Flame, Inner Flame, Flame Wave.
     0 | D:1      | Reached XP level 1. HP: 15/15 MP: 0/0
   187 | D:1      | Reached XP level 2. HP: 17/21 MP: 0/0
  1003 | D:1      | Reached skill level 3 in Spellcasting
  1003 | D:1      | Reached XP level 3. HP: 20/25 MP: 0/0
  1003 | D:1      | Learned a level 1 spell: Freeze
  1443 | D:2      | Found a faded altar of an unknown god.
  1717 | D:2      | Reached XP level 4. HP: 29/31 MP: 0/0
  2429 | D:3      | Found a hide-covered altar of Uskayaw.
  2561 | D:3      | Reached XP level 5. HP: 34/35 MP: 0/0
  2561 | D:3      | Learned a level 2 spell: Static Discharge
  3046 | D:3      | Noticed Ijyb
  3060 | D:3      | Killed Ijyb
  3272 | D:4      | Reached skill level 4 in Spellcasting
  3314 | D:4      | Reached XP level 6. HP: 32/40 MP: 0/0
  3503 | D:4      | Noticed Robin
  3510 | D:4      | Killed Robin
  3540 | D:4      | Reached skill level 5 in Spellcasting
  3568 | D:4      | Noticed a black bear
  3574 | D:4      | Killed a black bear
  3575 | D:4      | Reached XP level 7. HP: 22/45 MP: 0/0
  3575 | D:4      | Learned a level 3 spell: Stone Arrow
  4188 | D:4      | Found a glowing golden altar of the Shining One.
  4363 | D:5      | Entered Level 5 of the Dungeon
  4447 | D:5      | Found a bloodstained altar of Trog.
  4539 | D:5      | Found a snail-covered altar of Cheibriados.
  4784 | D:5      | Found a sacrificial altar of Ru.
  4998 | D:5      | Found a blossoming altar of Fedhas.
  5164 | D:6      | Reached skill level 6 in Spellcasting
  5186 | D:6      | Found a white marble altar of Elyvilon.
  5420 | D:6      | Noticed a water moccasin
  5430 | D:6      | Killed a water moccasin
  5431 | D:6      | Reached XP level 8. HP: 42/50 MP: 0/0
  5482 | D:6      | Found a burning altar of Makhleb.
  5702 | D:6      | Reached skill level 7 in Spellcasting
  6509 | D:7      | Noticed a gargoyle
  6555 | D:7      | Reached skill level 1 in Fighting
  6555 | D:7      | Reached skill level 1 in Armour
  6555 | D:7      | Reached XP level 9. HP: 34/57 MP: 0/0
  6555 | D:7      | Learned a level 4 spell: Fulminant Prism
  6556 | D:7      | Reached skill level 1 in Short Blades
  6563 | D:7      | Reached skill level 8 in Spellcasting
  6585 | D:7      | Hit by a boomerang thrown by a goblin

Illustrated notes

Levels and vault maps discovered:
D:1:      heliophobic_arrival_henge, layout_loops_cross
D:2:      layout_rooms, chequers_ecumenical_altar_island
D:3:      layout_basic, mainiacjoe_overflow_alcove_1, uniq_ijyb
D:4:      minmay_spotlight, layout_cave_pools, nicolae_tso_swordbearing_angel,
          uniq_robin
D:5:      layout_loops_ring, mainiacjoe_overflow_concentric_impassable,
          nicolae_ru_great_annihilating_truth, lemuel_crystal_altar,
          fedhas_altar_fruit_tree
D:6:      layout_basic, elyvilon_altar_1, makhleb_heckhound_becter
D:7:      layout_loops_cross, minmay_temple_entry_trees, enter_bailey_5

Skill      XL: |  1  2  3  4  5  6  7  8  9 |
---------------+----------------------------+-----
Spellcasting   | 3 4 5 6 7 8 |  8.0
Stealth        | 2 |  2.7
Dodging        | 3 |  3.7
Fighting       | 1 |  1.5
Armour         | 1 |  1.5
Short Blades   | 1 |  1.3

Action                   |  1- 3 |  4- 6 |  7- 9 || total
-------------------------+-------+-------+-------++-------
Melee: Dagger            |    13 |    17 |    55 ||    85
 Cast: Foxfire           |    50 |    54 |    60 ||   164
       Scorch            |       |    14 |    34 ||    48
       Conjure Flame     |       |       |     3 ||     3
       Static Discharge  |       |       |     4 ||     4
  Use: Scroll            |     4 |     1 |     8 ||    13
       Potion            |       |     1 |     1 ||     2
 Stab: Sleeping          |       |       |     1 ||     1
Armor: Robe              |     2 |     6 |    17 ||    25
       Ring mail         |       |       |     5 ||     5
Dodge: Dodged            |    26 |    19 |    67 ||   112
